 Dungeon Crawl Stone Soup version 0.24-a0-232-g49d9ff80d8 (webtiles) character file.

Game seed: 3366189828337160653

148 CedricTheThird the Cudgeler (level 5, -4/42 HPs)
             Began as a Demonspawn Chaos Knight on Apr 4, 2019.
             Was a Plaything of Xom.
             Slain by a spiny frog (shapeshifter) (15 damage)
             ... on level 3 of the Dungeon.
             The game lasted 00:04:41 (2392 turns).

CedricTheThird the Cudgeler (DsCK)                  Turns: 2392, Time: 00:04:45

Health: -4/42      AC:  8    Str: 11 (14) XL:     5   Next: 8%
Magic:  5/5        EV: 11    Int: 14 (15) God:    Xom [..*...]
Gold:   127        SH:  0    Dex: 12      Spells: 4/4 levels left

rFire    . . .     SeeInvis .   a - +0 mace (chaos)
rCold    . . .     Gourm    .   (no shield)
rNeg     . . .     Faith    .   b - +2 leather armour
rPois    .         Spirit   .   j - +1 hat
rElec    .         Reflect  .   (no cloak)
rCorr    .         Harm     .   (no gloves)
MR       .....                  (no boots)
Stlth    +.........             (no amulet)
HPRegen  0.14/turn              (no ring)
MPRegen  0.09/turn              (no ring)

@: lethally poisoned (-4 -> -11), lightly drained
A: iridescent scales 1, blurry vision 1, clever 1, deterioration 1, foul stench
1, powered by pain 1, rot immunity, MP-powered wands
a: Renounce Religion


You were on level 3 of the Dungeon.
You worshipped Xom.
You were a toy of Xom.
You were hungry.

You visited 1 branch of the dungeon, and saw 3 of its levels.

You collected 127 gold pieces.

Inventory:

Hand Weapons
 a - a +0 mace of chaos (weapon)
Armour
 b - a +2 leather armour (worn)
 j - a +1 hat (worn)
Jewellery
 o - an uncursed ring of stealth {unknown}
 r - an uncursed ring of fire {unknown}
Wands
 q - a wand of clouds (6)
Scrolls
 f - 4 scrolls of teleportation {unknown}
 g - 4 scrolls of identify {unknown}
 h - 2 scrolls of remove curse {unknown}
 i - 2 scrolls of fog {unknown}
 k - 2 scrolls of random uselessness {unknown}
 l - a scroll of enchant armour {unknown}
 m - a scroll of fear {unknown}
 n - 2 scrolls of amnesia {unknown}
 p - 4 scrolls of enchant weapon {unknown}
 s - a scroll of immolation {unknown}
 t - a scroll of magic mapping {unknown}
Potions
 d - a potion of curing
 e - 2 potions of lignification {unknown}
 u - a potion of magic {unknown}
Comestibles
 c - 9 rations


   Skills:
 + Level 3.7(3.1) Fighting
 * Level 3.9(3.3) Maces & Flails
 + Level 2.6(2.1) Armour
 + Level 2.1(1.5) Dodging


You had 4 spell levels left.
You didn't know any spells.
Your spell library was empty.

Dungeon Overview and Level Annotations

Branches:
Dungeon (3/15)

Altars:
Elyvilon
Trog
Uskayaw
The Shining One


Innate Abilities, Weirdness & Mutations

You are partially covered in iridescent scales. (AC +2)
You may emit foul miasma when damaged in melee.
You sometimes gain a little power by taking damage.
You are immune to rotting.
Scrolls take you a little longer to read.
Your mind is acute. (Int +2)
Your body sometimes deteriorates upon taking damage.
You expend magic power (3 MP) to strengthen your wands.


Message History

The spiny frog is moderately wounded.
The spiny frog barely misses you.
You completely miss the spiny frog.
The spiny frog is moderately wounded.
The spiny frog stings you.
The spiny frog looks sick.
The spiny frog stings you.
You are poisoned.
The spiny frog poisons you!
You hit the spiny frog.
Lightning courses through the spiny frog!
The spiny frog is severely wounded.
You feel sick. The spiny frog barely misses you.
You hit the spiny frog.
The spiny frog is severely wounded.
You feel sick. The spiny frog stings you!
* * * LOW HITPOINT WARNING * * *
A shower of butterflies erupts from you!
The spiny frog stings you!
You die...
Xom thinks this is hilarious!

.............#
#............# ##
............##
#..#####.>...# #.
####...###### .... #.....#
#. #...# .##.# #######
#...# #.# # #...# # #.#.#
# ###...### #.##b#.# #.
#.......# #.bbF.b#
#########. #†##.##.# #@#
#......### ##.##.##.####
#.#######.####.###
.......<....# #b.......†#
#.#...
##.##.##.##.##############
##.### #..............#
### ####.#####.###.##
##...####.# #..#
#.........# ##.#
##...###### #.#


You could see a spiny frog shaped shifter.

Vanquished Creatures
  4 gnolls (D:3)
  5 adders
  2 worms
  3 leopard geckos (D:1)
  8 bats
  A giant cockroach (D:2)
  7 goblins
  6 hobgoblins
  11 kobolds
  2 frilled lizards (D:1)
  9 rats
58 creatures vanquished.

Notes
Turn   | Place    | Note
-------+----------+-------------------------------------------
     0 | D:1      | CedricTheThird the Demonspawn Chaos Knight began the quest
                  | for the Orb.
     0 | D:1      | Reached XP level 1. HP: 18/18 MP: 1/1
    50 | D:1      | Reached skill level 1 in Dodging
   220 | D:1      | Gained mutation: You are partially covered in iridescent
                  | scales. (AC +2) [demonic ancestry]
   220 | D:1      | Reached XP level 2. HP: 24/24 MP: 2/2
   389 | D:1      | XOM: harmless Air miscast
   708 | D:2      | XOM: silly message
   793 | D:2      | Found a faded altar of an unknown god.
   804 | D:2      | Gained mutation: You are immune to rotting. [demonic
                  | ancestry]
   804 | D:2      | Reached XP level 3. HP: 29/29 MP: 3/3
  1140 | D:2      | XOM: give mutation
  1140 | D:2      | Gained mutation: Your body sometimes deteriorates upon
                  | taking damage. [Xom's mischief]
  1384 | D:2      | XOM: give mutations
  1384 | D:2      | Gained mutation: Scrolls take you a little longer to read.
                  | [Xom's mischief]
  1384 | D:2      | Gained mutation: Your mind is acute. (Int +2) [Xom's
                  | mischief]
  1502 | D:2      | XOM: draining
  1522 | D:2      | Found a white marble altar of Elyvilon.
  1522 | D:2      | XOM: mild Erth miscast
  1697 | D:3      | Gained mutation: You may emit foul miasma when damaged in
                  | melee. [demonic ancestry]
  1697 | D:3      | Reached XP level 4. HP: 26/35 MP: 4/4
  1779 | D:3      | Found a hide-covered altar of Uskayaw.
  1793 | D:3      | XOM: give mutation
  1793 | D:3      | Gained mutation: You expend magic power (3 MP) to
                  | strengthen your wands. [Xom's mischief]
  2017 | D:3      | Found a bloodstained altar of Trog.
  2289 | D:3      | Found a glowing golden altar of the Shining One.
  2312 | D:3      | Gained mutation: You sometimes gain a little power by
                  | taking damage. [demonic ancestry]
  2312 | D:3      | Reached XP level 5. HP: 37/42 MP: 5/5
  2381 | D:3      | XOM: harmless Hex miscast
  2387 | D:3      | Noticed a shapeshifter
  2387 | D:3      | a worm changed into a shapeshifter
  2387 | D:3      | Noticed a spiny frog
  2387 | D:3      | a shapeshifter changed into a spiny frog
  2392 | D:3      | XOM: butterfly on damage
  2392 | D:3      | Slain by a spiny frog (shapeshifter)

Levels and vault maps discovered:
D:1:      matt_arrival_grand_opening, layout_loops_ring, minmay_tromino_v7
D:2:      layout_loops_corners, lemuel_round_altar,
          chequers_ecumenical_altar_island
D:3:      layout_loops_cross, old_standard_altar, nicolae_tso_carved_into_rock,
          nicolae_overflow_crystal_walls, first_ration

Skill      XL: |  1  2  3  4 |
---------------+-------------+-----
Dodging        | 1 2 |  2.1
Maces & Flails | 3 |  3.9
Armour         | 2 |  2.6
Fighting       | |  3.7

Action                   |  1- 3 |  4- 6 || total
-------------------------+-------+-------++-------
Melee: Mace              |   118 |    62 ||   180
  Use: Potion            |     2 |     5 ||     7
 Stab: Paralysed         |     1 |     3 ||     4
  Eat: Chunk             |     2 |     2 ||     4
Armor: Leather armour    |    50 |    19 ||    69
Dodge: Dodged            |    89 |    39 ||   128

Table legend:
 A = Non-vault XP
 B = Vault XP
 C = Vault XP percentage of total XP
 D = Non-vault monster count
 E = Vault monster count
 F = Vault count percentage of total count
                 A         B        C        D         E       F
            +---------+---------+-------+---------+---------+-------
      Total |     206 |       6 |   2.8 |      55 |       3 |   5.2
            +---------+---------+-------+---------+---------+-------
        D:1 |      27 |       6 |  18.2 |      17 |       3 |  15.0
        D:2 |      61 |       0 |   0.0 |      20 |       0 |   0.0
        D:3 |     118 |       0 |   0.0 |      18 |       0 |   0.0
            +---------+---------+-------+---------+---------+-------
